 Dungeon Crawl Stone Soup version 0.22-a0-160-gcc81d7a (webtiles) character file.

119 theanonym the Cudgeler (level 4, -3/35 HPs)
             Began as a Mummy Chaos Knight on Feb 10, 2018.
             Slain by an ogre
             ... wielding a +0 giant club
              (4 damage)
             ... on level 5 of the Dungeon.
             The game lasted 00:03:52 (1992 turns).

theanonym the Cudgeler (Mummy Chaos Knight)         Turns: 1992, Time: 00:03:53

Health: -3/35      AC:  7    Str: 16    XL:     4   Next: 74%
Magic:  4/4        EV: 10    Int: 11    God:    Xom [.....*]
Gold:   91         SH:  0    Dex: 11    Spells: 3/3 levels left

rFire    x . .     SeeInvis .   a - +0 morningstar
rCold    + . .     Gourm    .   (no shield)
rNeg     + + +     Faith    .   j - +0 ring mail
rPois    ∞         Spirit   .   c - +0 helmet
rElec    .         Reflect  .   (no cloak)
rCorr    .         Harm     .   k - +0 pair of gloves
MR       .....                  (no boots)
Stlth    +.........             (no amulet)
HPRegen  0.11/turn              (no ring)
MPRegen  0.09/turn              (no ring)

@: no status effects
A: no food or potions, fire vulnerability, cold resistance 1, negative energy
resistance 3, torment resistance, unbreathing
a: Renounce Religion


Innate Abilities, Weirdness & Mutations

You do not eat or drink.
Your flesh is vulnerable to fire.
You are immune to poison.
Your flesh is cold resistant. (rC+)
You are immune to negative energy. (rN+++)
You are immune to unholy pain and torment.
You can survive without breathing.


   Skills:
 - Level 3.0 Fighting
 + Level 4.6 Maces & Flails
 - Level 1.5 Armour
 - Level 0.7 Dodging


You had 3 spell levels left.
You didn't know any spells.

Skill      XL: |  1  2  3 |
---------------+----------+-----
Maces & Flails | 3 4 |  4.6
Fighting       | |  3.0
Armour         | |  1.5
Dodging        | |  0.7

Action                   |  1- 3 |  4- 6 || total
-------------------------+-------+-------++-------
Melee: Mace              |    88 |     3 ||    91
       Morningstar       |       |    34 ||    34
  Use: Scroll            |       |     4 ||     4
Armor: Leather armour    |    31 |     2 ||    33
       Ring mail         |       |    11 ||    11
Dodge: Dodged            |    44 |    24 ||    68

Inventory:

Hand Weapons
 a - a +0 morningstar (weapon)
   (You took it off Terence on level 2 of the Dungeon)
 g - a +0 mace of chaos
Armour
 b - a +2 leather armour
 c - a +0 helmet (worn)
   (You found it on level 1 of the Dungeon)
 j - a +0 ring mail (worn)
   (You took it off Terence on level 2 of the Dungeon)
 k - a +0 pair of gloves (worn)
   (You found it on level 3 of the Dungeon)
Scrolls
 d - a scroll of immolation
 f - a scroll of amnesia


You were on level 5 of the Dungeon.
You worshipped Xom.
You were Xom's teddy bear.
You were not hungry.

You visited 1 branch of the dungeon, and saw 5 of its levels.

You collected 91 gold pieces.

Dungeon Overview and Level Annotations

Branches:
Dungeon (6/15)
 Temple: D:4-7

Altars:

.. #### ..
##...# #.#
###...... #..
##........
#.##.........
#............
#.....O......
#.#.@Z......
#..#####...#
#..# # ##.##
#>.# #..#
.....
........
...........


You could see an ogre and an adder zombie.

Notes
Turn   | Place    | Note
-------+----------+-------------------------------------------
     0 | D:1      | theanonym the Mummy Chaos Knight began the quest for the Orb.
     0 | D:1      | Reached XP level 1. HP: 18/18 MP: 1/1
   251 | D:1      | Reached XP level 2. HP: 24/24 MP: 2/2
   253 | D:1      | Reached skill level 3 in Maces & Flails
   433 | D:1      | Reached XP level 3. HP: 26/29 MP: 3/3
   456 | D:1      | XOM: divination: magic mapping
   612 | D:1      | XOM: harmless Conj miscast
   697 | D:2      | Noticed Terence
   820 | D:2      | XOM: mild Conj miscast
   820 | D:2      | HP: 11/29 [something (10)]
  1106 | D:2      | Killed Terence
  1106 | D:2      | Reached skill level 4 in Maces & Flails
  1106 | D:2      | Reached XP level 4. HP: 35/35 MP: 4/4
  1139 | D:2      | HP: 15/35 [gnoll/spear (8)]
  1590 | D:2      | XOM: fog
  1594 | D:2      | HP: 15/35 [gnoll/spear (6)]
  1664 | D:1      | XOM: cloud trail
  1862 | D:2      | XOM is BORED!
  1862 | D:2      | XOM: summons 2 hostile shadow creatures
  1916 | D:3      | XOM: 8-stop teleportation journey
  1973 | D:3      | You fall through a shaft for 3 floors!
  1973 | D:6      | Noticed an ogre
  1979 | D:5      | Entered Level 5 of the Dungeon
  1985 | D:5      | Noticed an ogre
  1991 | D:5      | HP: 1/35 [ogre/giant club (25)]
  1992 | D:5      | Slain by an ogre

Vanquished Creatures
  Terence (D:2)
  4 gnolls
  An adder (D:2)
  An ooze (D:1)
  A worm (D:2)
  3 dart slugs
  A leopard gecko (D:1)
  5 giant cockroaches (D:1)
  3 goblins
  4 hobgoblins
  4 kobolds (D:1)
  2 bats (D:1)
  2 frilled lizards
  2 rats
34 creatures vanquished.

Table legend:
 A = Turns spent in this place as a percentage of turns spent in the entire game.
 B = Non-inter-level travel turns spent in this place as a percentage of non-inter-level travel turns spent in the entire game.
 C = Inter-level travel turns spent in this place as a percentage of turns spent in this place.
 D = Turns resting spent in this place as a percentage of non-inter-level travel turns spent in this place.
 E = Turns spent auto-exploring this place as a percentage of non-inter-level travel turns spent in this place.
 F = Non-inter-level travel turns spent in this place divided by the number of levels of this place that you've seen.
                   A       B       C       D       E      F
               +-------+-------+-------+-------+-------+----------------------
         Total | 100.0 | 100.0 |   5.6 |  27.6 |  54.9 | 376.0
       Dungeon | 100.0 | 100.0 |   5.6 |  27.6 |  54.9 | 376.0
               +-------+-------+-------+-------+-------+----------------------
